[Event "*** Titled Tuesday Blitz"]
[Site "Chess.com"]
[Date "2021.04.27"]
[Round "1"]
[White "Cptn2"]
[Black "eltrain1971"]
[Result "1/2-1/2"]
[WhiteElo "2583"]
[BlackElo "2269"]
[TimeControl "180+1"]
[EndTime "10:05:17 PDT"]
[Termination "Game drawn by repetition"]

1. e4 e6 2. g3 d5 3. Bg2 dxe4 4. Bxe4 Nf6 5. Bg2 c5 6. Ne2 Nc6 7. O-O Be7 8. Nbc3 O-O 9. d3 Bd7 10. f4 Rc8 11. Kh1 b6 12. Be3 Nb4 13. a3 Nbd5 14.
Bg1 Bc6 15. Ne4 Qc7 16. Qd2 Rfd8 17. Rae1 c4 18. Nxf6+ Nxf6 19. d4 Ne4 20. Qe3 Qb7 21. h3 Nd2 22. Rf2 Ne4 23. Rff1 Nc3 24. Rf2 Ne4 25. Rff1 1/2-1/2

[Event "*** Titled Tuesday Blitz"]
[Site "Chess.com"]
[Date "2021.04.27"]
[Round "1"]
[White "MeekinsKris"]
[Black "TomasKapitanchuk"]
[Result "0-1"]
[WhiteElo "2199"]
[BlackElo "2542"]
[TimeControl "180+1"]
[EndTime "10:05:18 PDT"]
[Termination "TomasKapitanchuk won by resignation"]

1. e4 c5 2. d4 cxd4 3. c3 Nf6 4. e5 Nd5 5. Qxd4 e6 6. Nf3 Nc6 7. Qe4 f5 8. Qe2 b5 9. g3 a5 10. Bg2 Ba6 11. O-O Be7 12. Rd1 O-O 13. Nbd2 Qb8 14. Nf1 b4 15. c4 b3 16. a3 Nb6 17. N1d2 a4 18. Bf1 Na5 19. Qe3 Rc8 20. h4 Rc5 21. Nb1 Naxc4 22. Qf4 Nxe5 23. Nc3 Bxf1 24. Kxf1 Nxf3 25.
Qxf3 d5 26. Be3 Rc6 27. Bxb6 Qxb6 28. Re1 Bf6 29. Rac1 Rac8 30. Nxa4 Qb5+ 0-1

[Event "*** Titled Tuesday Blitz"]
[Site "Chess.com"]
[Date "2021.04.27"]
[Round "1"]
[White "niki_2003"]
[Black "eduardoperalta"]
[Result "0-1"]
[WhiteElo "2048"]
[BlackElo "2497"]
[TimeControl "180+1"]
[EndTime "10:05:18 PDT"]
[Termination "eduardoperalta won by checkmate"]

1. e4 c5 2. Nf3 Nc6 3. d4 cxd4 4. Nxd4 Nf6 5. Nc3 d6 6. f3 e5 7. Nb3 Be7 8. Nd5 O-O 9. Be3 Nxd5 10. exd5 Nb8 11.
Bd3 f5 12. O-O Nd7 13. c4 b6 14. Qc2 g6 15. Nd2 Nc5 16. Bxc5 bxc5 17. a3 Rb8 18. Rab1 a5 19. Rf2 Bg5 20. Nf1 Kh8 21. g3 Bd7 22. h4 Bh6 23. Rh2 e4 24. fxe4 f4 25. h5 fxg3 26. Nxg3 Bf4 27. Qg2 Qg5 28. Rh3 Bxh3 29.
Qxh3 Qxg3+ 30. Qxg3 Bxg3 31. Kg2 Be5 32. Rh1 Rxb2+ 33.
Kg1 Bd4# 0-1

[Event "*** Titled Tuesday Blitz"]
[Site "Chess.com"]
[Date "2021.04.27"]
[Round "1"]
[White "Taktikmonster"]
[Black "Jumbo"]
[Result "0-1"]
[WhiteElo "2411"]
[BlackElo "2779"]
[TimeControl "180+1"]
[EndTime "10:05:21 PDT"]
[Termination "Jumbo won on time"]

1. e4 c5 2. Nf3 d6 3. d4 cxd4 4.
Nxd4 Nf6 5. Nc3 Nc6 6. f3 e5 7. Nb3 a5 8. Bb5 Be7 9. Be3 O-O 10. Qd2 Be6 11. Rd1 h6 12. O-O Qc7 13. Qf2 Qb8 14. Nd5 Bxd5 15. exd5 Nb4 16. c4 a4 17. a3 Nbxd5 18. cxd5 axb3 19. Bc4 Rc8 20. Bxb3 Qc7 21. Rc1 Qa5 22. Bb6 Qb5 23. Ba2 Nxd5 24. Bxd5 Qxd5 25. Rfd1 Qb3 26. Rxc8+ Rxc8 27. Be3 Rc2 28. Qg3 Qxe3+ 0-1

[Event "*** Titled Tuesday Blitz"]
[Site "Chess.com"]
[Date "2021.04.27"]
[Round "1"]
[White "attack2mateU"]
[Black "fabianvivasz"]
[Result "1-0"]
[WhiteElo "2717"]
[BlackElo "2382"]
[TimeControl "180+1"]
[EndTime "10:05:22 PDT"]
[Termination "attack2mateU won by resignation"]

1. e4 e5 2. Nf3 Nc6 3. Bc4 Nf6 4. Ng5 d5 5. exd5 b5 6. Bf1 Nd4 7. c3 Nxd5 8. cxd4 Qxg5 9. Bxb5+ Kd8 10. O-O Bb7 11. Qf3 Rb8 12. dxe5 Ne3 13. Qh3 Qxg2+ 14.
Qxg2 Nxg2 15. d4 Be7 16. Be2 f6 17. f4 c5 18. d5 fxe5 19. Kxg2 Bxd5+ 20. Kg3 Kc7 21. Nc3 Bc6 22. fxe5 Rhf8 23. Rxf8 Rxf8 24. Be3 g6 25.
Rd1 h5 26. Nd5+ Bxd5 27. Rxd5 Kc6 28. Rd1 h4+ 29. Kg4 1-0

[Event "*** Titled Tuesday Blitz"]
[Site "Chess.com"]
[Date "2021.04.27"]
[Round "1"]
[White "Gmedmundo"]
[Black "Beca95"]
[Result "0-1"]
[WhiteElo "2437"]
[BlackElo "2852"]
[TimeControl "180+1"]
[EndTime "10:05:23 PDT"]
[Termination "Beca95 won on time"]

1. e4 c5 2. Nf3 Nc6 3. Bb5 e6 4. O-O Nge7 5. Nc3 a6 6. Bxc6 Nxc6 7. d4 cxd4 8. Nxd4 d6 9. Nxc6 bxc6 10. Qg4 h5 11. Qg3 h4 12. Qg4 e5 13. Qf3 h3 14. g3 Be6 15. b3 Be7 16. Na4 O-O 17.
c4 d5 18. Rd1 d4 19. Qe2 c5 20.
f4 exf4 21. Bxf4 a5 22. Rd3 Ra6 23. Rf1 Qc8 24. Nb2 Bg4 25. Qf2 Re6 26. e5 g5 27. Bc1 Rxe5 28. Rd2 Re8 29. Nd3 Rf5 0-1

[Event "*** Titled Tuesday Blitz"]
[Site "Chess.com"]
[Date "2021.04.27"]
[Round "1"]
[White "FMOlexandrProhorov"]
[Black "Harry_Rakkel"]
[Result "1-0"]
[WhiteElo "2273"]
[BlackElo "2575"]
[TimeControl "180+1"]
[EndTime "10:05:23 PDT"]
[Termination "FMOlexandrProhorov won by checkmate"]

1. d4 Nf6 2. c4 e6 3. Nc3 Bb4 4.
f3 c5 5. d5 b5 6. e4 O-O 7. e5 Ne8 8. cxb5 d6 9. exd6 Nxd6 10. dxe6 Bxe6 11. Bd3 c4 12. Bc2 Qh4+ 13. g3 Qe7 14.
Ne2 Nxb5 15. O-O Rd8 16. Qe1 Bc5+ 17. Kg2 Nxc3 18. Nxc3 Nc6 19. Qe4 Qd7 20. Qxh7+ Kf8 21. Qh8+ Ke7 22. Bg5+ Kd6 23. Nb5+ Kd5 24. Be4+ Ke5 25.
Qxg7+ f6 26. Qxf6# 1-0

[Event "*** Titled Tuesday Blitz"]
[Site "Chess.com"]
[Date "2021.04.27"]
[Round "1"]
[White "YoreDea"]
[Black "miredenizdogan"]
[Result "1-0"]
[WhiteElo "2563"]
[BlackElo "2233"]
[TimeControl "180+1"]
[EndTime "10:05:24 PDT"]
[Termination "YoreDea won by resignation"]

1. e4 e6 2. d4 d5 3. e5 c5 4. c3 Nc6 5. Nf3 Qb6 6. a3 Nh6 7. b4 cxd4 8. cxd4 Nf5 9. Bd3 Nfxd4 10. O-O Nxf3+ 11. Qxf3 Qd4 12. Ra2 Nxe5 13. Bb5+ Bd7 14. Qe2 Bd6 15. Bb2 Qf4 16. g3 Qe4 17. Bxe5 Bxe5 18.
Bxd7+ Kxd7 19. Qb5+ Ke7 20. Re2 Qf5 21. Rfe1 Bd6 22.
Qxb7+ Kf6 23. Nd2 Rac8 24. Qxa7 Rc3 25. Qd4+ 1-0

[Event "*** Titled Tuesday Blitz"]
[Site "Chess.com"]
[Date "2021.04.27"]
[Round "1"]
[White "WisdomGame"]
[Black "CrushingKings"]
[Result "0-1"]
[WhiteElo "2110"]
[BlackElo "2507"]
[TimeControl "180+1"]
[EndTime "10:05:24 PDT"]
[Termination "CrushingKings won by checkmate"]

1. e4 g6 2. d4 Bg7 3. f4 d5 4.
e5 h5 5. Nc3 Nh6 6. Bd3 Bg4 7. Nf3 Nf5 8. O-O Nxd4 9. Bxg6 Nxf3+ 10. gxf3 Bh3 11. Bd3 Bxf1 12. Bxf1 e6 13. Be3 Nd7 14.
Kh1 a6 15. Ne2 c5 16. c3 Qc7 17. Bh3 O-O-O 18. b4 Bf8 19. Qb3 Kb8 20. a4 cxb4 21.
cxb4 Qc4 22. Qxc4 dxc4 23. b5 Bc5 24. Bxc5 Nxc5 25. Rc1 Rhg8 26. bxa6 Nd3 27. a5 Nf2# 0-1

[Event "*** Titled Tuesday Blitz"]
[Site "Chess.com"]
[Date "2021.04.27"]
[Round "1"]
[White "Pantata007"]
[Black "KhatanbaatarBazar"]
[Result "0-1"]
[WhiteElo "2342"]
[BlackElo "2674"]
[TimeControl "180+1"]
[EndTime "10:05:31 PDT"]
[Termination "KhatanbaatarBazar won on time"]

1. d4 d5 2. c4 c6 3. Nc3 Nf6 4. e3 e6 5. Nf3 Nbd7 6. Bd3 dxc4 7. Bxc4 b5 8. Bd3 Bb7 9. e4 b4 10. Na4 c5 11. e5 Nd5 12. O-O cxd4 13. Re1 Be7 14. Nxd4 O-O 15. Qg4 Nc5 16. Bh6 g6 17. Nxc5 Bxc5 18. Bxf8 Qxf8 19. Nb3 Bb6 20. Rac1 Rd8 21.
Be4 a5 22. Red1 a4 23. Nd2 a3 24. bxa3 h5 25. Qh4 Nc3 26. Bxb7 Ne2+ 27. Kh1 Nxc1 28.
axb4 Nd3 29. Ne4 Bxf2 30. Qg5 Bb6 31. Nf6+ Kh8 32. Rf1 Nf2+ 0-1

[Event "*** Titled Tuesday Blitz"]
[Site "Chess.com"]
[Date "2021.04.27"]
[Round "1"]
[White "MelihKaanCan"]
[Black "NateSolon"]
[Result "0-1"]
[WhiteElo "2314"]
[BlackElo "2648"]
[TimeControl "180+1"]
[EndTime "10:05:31 PDT"]
[Termination "NateSolon won by resignation"]

1. d4 Nf6 2. c4 e6 3. Nc3 Bb4 4.
e3 O-O 5. Bd3 c5 6. a3 Bxc3+ 7.
bxc3 Nc6 8. Ne2 b6 9. e4 d6 10. Ng3 cxd4 11. cxd4 Nxd4 12. O-O Bb7 13. Bb2 Nc6 14.
f4 Rc8 15. Qf3 Na5 16. Rac1 Nb3 17. Rce1 Nd2 18. Qf2 Nxf1 19. Rxf1 Qe7 20. Kh1 Ng4 21. Qf3 f5 22. h3 Nf6 23. Re1 Qf7 24. exf5 Bxf3 0-1

[Event "*** Titled Tuesday Blitz"]
[Site "Chess.com"]
[Date "2021.04.27"]
[Round "1"]
[White "AttackSparrow"]
[Black "halldorgretar"]
[Result "1-0"]
[WhiteElo "2511"]
[BlackElo "2134"]
[TimeControl "180+1"]
[EndTime "10:05:31 PDT"]
[Termination "AttackSparrow won on time"]

1. e4 e5 2. Nc3 Nc6 3. Bc4 Nf6 4. d3 Na5 5. Qf3 Nxc4 6. dxc4 c6 7. Nge2 Be7 8. h3 O-O 9. b3 d6 10. a4 Be6 11.
Be3 d5 12. exd5 cxd5 13. cxd5 Nxd5 14. Rd1 Bb4 15. O-O Bxc3 16. Nxc3 e4 17. Nxe4 Qc7 18. c4 Nxe3 19. Qxe3 Rfe8 20. Qf3 1-0

[Event "*** Titled Tuesday Blitz"]
[Site "Chess.com"]
[Date "2021.04.27"]
[Round "1"]
[White "Skat2704"]
[Black "Andrii_Prydun"]
[Result "1-0"]
[WhiteElo "2683"]
[BlackElo "2347"]
[TimeControl "180+1"]
[EndTime "10:05:32 PDT"]
[Termination "Skat2704 won by resignation"]

1. d4 Nf6 2. c4 c6 3. Nf3 e6 4.
Nc3 d5 5. Bg5 Nbd7 6. e3 Qa5 7.
Nd2 Be7 8. Be2 O-O 9. O-O a6 10. Rc1 b5 11. c5 e5 12. a3 Qd8 13. b4 a5 14. Nb3 axb4 15. axb4 e4 16. Na5 Nb8 17.
Nxb5 cxb5 18. Bxb5 Na6 19. Nc6 Qd7 20. Nxe7+ Qxe7 21. Ra1 Qb7 22. Bxa6 Rxa6 23. Rxa6 Qxa6 24. Qb3 Bd7 25.
Bxf6 Qxf6 26. b5 Rb8 27. b6 Qc6 28. Ra1 Ra8 29. Ra7 Qb7 30. Qa2 Bc6 31. Rxb7 Bxb7 32. Qb2 Kf8 1-0

[Event "*** Titled Tuesday Blitz"]
[Site "Chess.com"]
[Date "2021.04.27"]
[Round "1"]
[White "Smile2005"]
[Black "Korchmar_Vasiliy"]
[Result "0-1"]
[WhiteElo "2361"]
[BlackElo "2705"]
[TimeControl "180+1"]
[EndTime "10:05:35 PDT"]
[Termination "Korchmar_Vasiliy won by checkmate"]

1. Nf3 d5 2. g3 g6 3. Bg2 Bg7 4. O-O e5 5. d3 Ne7 6. e4 O-O 7. Nc3 d4 8. Nb1 c5 9. a4 Nbc6 10. Na3 h6 11. Nc4 Be6 12. Ne1 Qd7 13. f4 exf4 14.
Bxf4 g5 15. Bd2 Ng6 16. b3 b6 17. Bf3 Rab8 18. Bh5 Nge5 19. Nxe5 Nxe5 20. Nf3 Ng4 21. Bxg4 Bxg4 22. Qe1 f5 23. exf5 Rbe8 24. Qf2 Rxf5 25. Qg2 Ref8 26. Nxg5 hxg5 27. Rxf5 Qxf5 28. Re1 Bh3 29.
Qe2 a6 30. b4 c4 31. dxc4 Qxc2 32. Rc1 Qf5 33. c5 d3 34. Qe1 Bd4+ 35. Be3 Bxe3+ 36.
Qxe3 Qf1+ 37. Rxf1 Rxf1# 0-1

[Event "*** Titled Tuesday Blitz"]
[Site "Chess.com"]
[Date "2021.04.27"]
[Round "1"]
[White "Steegersee"]
[Black "nss13"]
[Result "0-1"]
[WhiteElo "2222"]
[BlackElo "2554"]
[TimeControl "180+1"]
[EndTime "10:05:37 PDT"]
[Termination "nss13 won by resignation"]

1. e4 c5 2. Nf3 e6 3. d4 cxd4 4. Nxd4 Nc6 5. Nxc6 bxc6 6. Bd3 Ba6 7. O-O Bxd3 8. Qxd3 d5 9. b3 Nf6 10. exd5 cxd5 11. Bb2 Be7 12. Nd2 O-O 13. c4 dxc4 14. Qxd8 Rfxd8 15. Nxc4 Nd5 16. Rfd1 Rac8 17. Rac1 f6 18.
g3 e5 19. Na5 Rxc1 20. Rxc1 Nb4 21. Rc7 Bf8 22. Nc4 Rd1+ 23. Kg2 Nd3 24. Ba3 Bxa3 25.
Nxa3 Rd2 26. Rc2 Ne1+ 0-1

[Event "*** Titled Tuesday Blitz"]
[Site "Chess.com"]
[Date "2021.04.27"]
[Round "1"]
[White "chessmadara"]
[Black "PelinGorki"]
[Result "0-1"]
[WhiteElo "2148"]
[BlackElo "2514"]
[TimeControl "180+1"]
[EndTime "10:05:37 PDT"]
[Termination "PelinGorki won by checkmate"]

1. e4 d6 2. d4 Nf6 3. Nc3 c6 4.
Nf3 Bg4 5. h3 Bh5 6. Be2 e6 7.
O-O Be7 8. Re1 d5 9. e5 Nfd7 10. Be3 c5 11. dxc5 O-O 12. b4 Bxf3 13. Bxf3 Nxe5 14.
Be2 Nbc6 15. b5 Na5 16. Bd4 Nd7 17. Bd3 Bxc5 18. Bxh7+ Kxh7 19. Qh5+ Kg8 20. Bxg7 Kxg7 21. Qg4+ Kh6 22. h4 Rg8 23. Qf4+ Kg7 24. h5 Qf6 25.
Qg3+ Kf8 26. Qc7 Qxf2+ 27. Kh1 Qxg2# 0-1

[Event "*** Titled Tuesday Blitz"]
[Site "Chess.com"]
[Date "2021.04.27"]
[Round "1"]
[White "Triumphmate"]
[Black "AlexTriapishko"]
[Result "0-1"]
[WhiteElo "2440"]
[BlackElo "2858"]
[TimeControl "180+1"]
[EndTime "10:05:40 PDT"]
[Termination "AlexTriapishko won by resignation"]

1. e4 e5 2. Nf3 Nc6 3. Nc3 Nf6 4. Bb5 Bc5 5. Nxe5 O-O 6. Bxc6 dxc6 7. d3 Qd4 8. Be3 Qxe5 9. d4 Qe7 10. dxc5 Nxe4 11. Nxe4 Qxe4 12. O-O Be6 13. Qd3 Qxd3 14. cxd3 Rad8 15.
Rfd1 Rd7 16. d4 f6 17. Rd2 Bd5 18. a3 Re8 19. Rad1 g5 20. h3 Kg7 21. b4 Kg6 22.
Rd3 Rde7 23. g4 h5 24. gxh5+ Kxh5 25. Kh2 Kg6 26. Rg1 Kf5 27. Rg3 Rh8 28. Rc3 Reh7 29.
f3 Re8 30. a4 Rhe7 31. Bf2 Re2 32. Kg2 Ra2 33. b5 Ree2 34. bxc6 Rxf2+ 0-1

[Event "*** Titled Tuesday Blitz"]
[Site "Chess.com"]
[Date "2021.04.27"]
[Round "1"]
[White "kirillshevchenko"]
[Black "Apocalyps999"]
[Result "1-0"]
[WhiteElo "2854"]
[BlackElo "2437"]
[TimeControl "180+1"]
[EndTime "10:05:41 PDT"]
[Termination "kirillshevchenko won by resignation"]

1. e4 c5 2. Nf3 e6 3. d3 b5 4. g3 Bb7 5. Bg2 Nc6 6. O-O d6 7.
a4 a6 8. Nh4 Be7 9. axb5 axb5 10.
Rxa8 Bxa8 11. Na3 Bxh4 12. gxh4 b4 13. Nc4 d5 14. exd5 exd5 15. Qg4 dxc4 16. Qxg7 Qd4 17. Re1+ Nge7 18. Qg5 f6 19. Qg7 f5 20. Bxc6+ Kd8 21. Qxe7+ Kc8 22. Bxa8 Rg8+ 23. Kf1 1-0

[Event "*** Titled Tuesday Blitz"]
[Site "Chess.com"]
[Date "2021.04.27"]
[Round "1"]
[White "Fandorine"]
[Black "MalyDominator"]
[Result "1-0"]
[WhiteElo "2914"]
[BlackElo "2454"]
[TimeControl "180+1"]
[EndTime "10:05:42 PDT"]
[Termination "Fandorine won by resignation"]

1. Nf3 Nf6 2. c4 e6 3. g3 d5 4.
Bg2 Be7 5. O-O O-O 6. d3 c5 7.
cxd5 Nxd5 8. d4 Nc6 9. dxc5 Bxc5 10. Qc2 Be7 11. a3 Bd7 12. Rd1 Qc7 13. e4 Nb6 14.
Bf4 Qc8 15. Nc3 Rd8 16. Nb5 a6 17. Nd6 Bxd6 18. Bxd6 Ne5 19. Qc5 Nxf3+ 20. Bxf3 Qxc5 21. Bxc5 Nc4 22. Be7 Nxb2 23. Rd2 Nc4 24. Rd4 Ne5 25.
Bg2 Re8 26. Bd6 Nc6 27. Rdd1 Rad8 28. Bc7 Rc8 29. Rxd7 1-0

[Event "*** Titled Tuesday Blitz"]
[Site "Chess.com"]
[Date "2021.04.27"]
[Round "1"]
[White "Willhaven3"]
[Black "david_alex"]
[Result "1-0"]
[WhiteElo "2504"]
[BlackElo "2099"]
[TimeControl "180+1"]
[EndTime "10:05:47 PDT"]
[Termination "Willhaven3 won by resignation"]

1. d4 Nf6 2. Nf3 e6 3. c4 d5 4.
Nc3 Nbd7 5. cxd5 exd5 6. Bf4 Be7 7. e3 c6 8. h3 O-O 9. Bd3 b6 10. Rc1 Bb7 11. O-O Re8 12. Bh2 Nf8 13. Ne5 c5 14.
dxc5 Bxc5 15. Nb5 a6 16. Nd4 Ng6 17. Nef3 Ne4 18. a3 a5 19. Bb5 Re7 20. Nc6 Bxc6 21.
Bxc6 Rc8 22. Qxd5 Qxd5 23. Bxd5 Rd8 24. Bxe4 Rxe4 25. Rfd1 Ree8 26. Kf1 f6 27. Ke2 Kf7 28. Bc7 Rxd1 29. Rxd1 Ke6 30. Nd4+ Bxd4 31. Rxd4 Rc8 32.
Bxb6 Rc2+ 33. Rd2 1-0

[Event "*** Titled Tuesday Blitz"]
[Site "Chess.com"]
[Date "2021.04.27"]
[Round "1"]
[White "slowdgehammer"]
[Black "VerdeNotte"]
[Result "0-1"]
[WhiteElo "2447"]
[BlackElo "2893"]
[TimeControl "180+1"]
[EndTime "10:05:48 PDT"]
[Termination "VerdeNotte won by resignation"]

1. e4 c5 2. Nf3 d6 3. Bb5+ Bd7 4. Bxd7+ Qxd7 5. c4 Nf6 6. Nc3 Nc6 7. O-O e5 8.
d3 Be7 9. a3 O-O 10. Rb1 a5 11.
Nd5 Bd8 12. Bd2 a4 13. h3 Nxd5 14. cxd5 Na5 15. Nh2 Nb3 16. Be3 f5 17. f3 Bh4 18.
Kh1 f4 19. Bg1 h5 20. Qe2 Bg3 21. Rfd1 Bxh2 22. Kxh2 Rf6 23. Bf2 g5 24. Kg1 Kf7 25. Kf1 Rg8 26. Qc2 Rfg6 27. Ke2 g4 28. hxg4 hxg4 29.
Rh1 g3 30. Bg1 Kg7 31. Qd1 Rh8 32. Rxh8 Kxh8 33. Qf1 Rh6 34. Kd1 Rh1 35. Kc2 Nd4+ 36. Kd2 Qb5 37. Qd1 Qa5+ 0-1

[Event "*** Titled Tuesday Blitz"]
[Site "Chess.com"]
[Date "2021.04.27"]
[Round "1"]
[White "agartha01"]
[Black "rikyshi"]
[Result "1-0"]
[WhiteElo "2542"]
[BlackElo "2201"]
[TimeControl "180+1"]
[EndTime "10:05:50 PDT"]
[Termination "agartha01 won on time"]

1. c4 c5 2. Nf3 Nc6 3. g3 g6 4.
Bg2 Bg7 5. Nc3 d6 6. O-O e6 7. d3 Nge7 8. Rb1 O-O 9. a3 Qd7 10. Bd2 b6 11. b4 Bb7 12. bxc5 bxc5 13. Qa4 Nf5 14. Ne1 Rfc8 15. Nc2 Qe7 16. Ne4 d5 17.
Bg5 f6 18. Nxf6+ Bxf6 19. Bxf6 Qxf6 20. Rxb7 dxc4 21. Bxc6 cxd3 22. exd3 e5 23. Be4 Nd4 24. Nxd4 exd4 25. Qc4+ 1-0

[Event "*** Titled Tuesday Blitz"]
[Site "Chess.com"]
[Date "2021.04.27"]
[Round "1"]
[White "Guzman70"]
[Black "Nikolakis2014"]
[Result "0-1"]
[WhiteElo "2291"]
[BlackElo "2616"]
[TimeControl "180+1"]
[EndTime "10:05:51 PDT"]
[Termination "Nikolakis2014 won by resignation"]

1. d4 Nf6 2. Bf4 d5 3. e3 e6 4.
Nd2 Bd6 5. Bg3 O-O 6. Ngf3 c5 7. c3 Qc7 8. dxc5 Qxc5 9. Nb3 Qc7 10. Nbd4 Bxg3 11.
hxg3 Nc6 12. Bd3 e5 13. Nxc6 bxc6 14. Be2 Bf5 15. Nh4 Be4 16. Bd3 Rab8 17. Bxe4 dxe4 18. g4 Rfd8 19. Qe2 g6 20. g5 Nd5 21. Qg4 Rxb2 22.
Qxe4 Nxc3 23. Qf3 Re2+ 24. Kf1 Rdd2 25. Rc1 Qd7 26. g3 Rxf2+ 27. Qxf2 Rxf2+ 0-1

[Event "*** Titled Tuesday Blitz"]
[Site "Chess.com"]
[Date "2021.04.27"]
[Round "1"]
[White "zurzan"]
[Black "elohunter1999"]
[Result "0-1"]
[WhiteElo "2008"]
[BlackElo "2487"]
[TimeControl "180+1"]
[EndTime "10:05:51 PDT"]
[Termination "elohunter1999 won on time"]

1. f4 c5 2. Nf3 Nc6 3. g3 g6 4.
Bg2 Bg7 5. O-O d6 6. d3 e6 7. c3 Nge7 8. e4 O-O 9. Be3 b6 10.
Nbd2 Ba6 11. Qc2 Qd7 12. Rfd1 d5 13. e5 d4 14. cxd4 Nf5 15. Bf2 Nb4 16. Qb3 Nxd3 17. Nc4 Nxf2 18. Kxf2 Qb5 19. Qxb5 Bxb5 20. Nd6 Nxd6 21.
exd6 Rad8 22. dxc5 bxc5 23. a4 Bc6 24. Ra2 Bxf3 25. Bxf3 Bd4+ 26. Kg2 Rxd6 27. b4 cxb4 28.
Rad2 Rfd8 29. Kh3 b3 30. Be4 b2 31. Bb1 f5 32. Ba2 Kg7 33. g4 Kf6 34. g5+ Ke7 35. Re2 Bc3 36. Rxd6 Rxd6 37. Rc2 Rd3+ 38. Kh4 e5 39.
fxe5 Be1+ 0-1

[Event "*** Titled Tuesday Blitz"]
[Site "Chess.com"]
[Date "2021.04.27"]
[Round "1"]
[White "Yaryi_sergey"]
[Black "kaumandur01"]
[Result "1-0"]
[WhiteElo "2426"]
[BlackElo "2755"]
[TimeControl "180+1"]
[EndTime "10:05:52 PDT"]
[Termination "Yaryi_sergey won by resignation"]

1. Nf3 Nf6 2. d4 g6 3. g3 Bg7 4.
Bg2 O-O 5. O-O d6 6. d5 c6 7.
c4 cxd5 8. cxd5 Na6 9. Nc3 Bf5 10. Nd4 Bd7 11. Bg5 Nc5 12. Qd2 Rc8 13. Rac1 Qb6 14.
h3 a5 15. Rfd1 Rfe8 16. e4 Nfxe4 17. Nxe4 Nxe4 18. Bxe4 Rxc1 19. Rxc1 Bxd4 20. Kg2 e6 21.
Rc4 Bg7 22. b3 e5 23. Be3 Qa6 24. Qc2 f5 25. Rc7 Bb5 26. Bxf5 gxf5 27. Qxf5 Bf1+ 28.
Kh2 Qd3 29. Qf7+ 1-0

[Event "*** Titled Tuesday Blitz"]
[Site "Chess.com"]
[Date "2021.04.27"]
[Round "1"]
[White "Vasily85"]
[Black "Abund"]
[Result "0-1"]
[WhiteElo "2402"]
[BlackElo "2745"]
[TimeControl "180+1"]
[EndTime "10:05:52 PDT"]
[Termination "Abund won by resignation"]

1. Nf3 Nf6 2. g3 g6 3. Bg2 Bg7 4. O-O O-O 5. d4 d5 6. c4 c6 7. Qb3 dxc4 8. Qxc4 Bf5 9. Nc3 Nbd7 10. Rd1 Rc8 11.
Bf4 b5 12. Qb3 Ne4 13. Rac1 Qb6 14. Nxe4 Bxe4 15. Ne5 Nxe5 16. Bxe4 Nc4 17. Bd3 Bxd4 18. e3 Bxb2 19. Rc2 Bg7 20. Bxc4 bxc4 21. Qxc4 Qb7 22. e4 c5 23. Be3 Rfd8 24. Rxd8+ Rxd8 25. Bxc5 Rd1+ 26.
Kg2 h5 27. h4 e6 28. Qb4 Qxb4 29. Bxb4 Rd4 30. Bc5 Ra4 31. Ba3 Rxa3 0-1

[Event "*** Titled Tuesday Blitz"]
[Site "Chess.com"]
[Date "2021.04.27"]
[Round "1"]
[White "atbenina64"]
[Black "RafalBRC"]
[Result "1-0"]
[WhiteElo "2527"]
[BlackElo "2166"]
[TimeControl "180+1"]
[EndTime "10:05:52 PDT"]
[Termination "atbenina64 won by resignation"]

1. d4 c5 2. d5 Nf6 3. Nc3 g6 4.
e4 d6 5. Bd3 Bg7 6. Nge2 O-O 7.
O-O a6 8. a4 Nbd7 9. f4 Rb8 10.
h3 Qc7 11. Ng3 c4 12. Be2 b5 13. axb5 axb5 14. Be3 b4 15. Ra7 Rb7 16. Nb5 Qb8 17. Rxb7 Bxb7 18. Bxc4 Ba6 19. Qe2 Nb6 20. Bd3 Rc8 21. Nd4 Nc4 22. Nc6 Rxc6 23. dxc6 Nxe3 24. Qxe3 Bxd3 25. cxd3 Ne8 26. d4 Nc7 27. Rc1 Qb6 28. Ne2 e5 29. fxe5 dxe5 30. Kh1 exd4 31. Qd3 Bh6 32.
Rc4 Be3 33. Nxd4 1-0

[Event "*** Titled Tuesday Blitz"]
[Site "Chess.com"]
[Date "2021.04.27"]
[Round "1"]
[White "mitrabhaa"]
[Black "vanyakuba"]
[Result "1-0"]
[WhiteElo "2759"]
[BlackElo "2409"]
[TimeControl "180+1"]
[EndTime "10:05:53 PDT"]
[Termination "mitrabhaa won on time"]

1. g3 d5 2. Bg2 Nf6 3. c4 e6 4.
Nf3 c5 5. O-O Nc6 6. d4 Be7 7.
cxd5 exd5 8. Nc3 O-O 9. Bg5 c4 10. Ne5 Be6 11. Nxc6 bxc6 12. b3 h6 13. Bxf6 Bxf6 14.
Rc1 Rc8 15. bxc4 dxc4 16. e3 Qe7 17. Qa4 Rfd8 18. Ne4 Bd5 19. Nc5 h5 20. Rxc4 Bxc4 21. Qxc4 g6 22. h4 Kg7 23. Bf3 g5 24. hxg5 Bxg5 25. Bxh5 Rh8 26. Bf3 Rh6 27. Ne4 Rch8 28. Qc5 Bf6 29. Qxe7 Bxe7 30. Rc1 f5 31. Nd2 Rh2 32. Nf1 R2h6 33. Bg2 Rc8 34. Nd2 c5 35.
Rc4 Rb6 36. Nb3 Rbb8 37. dxc5 Kf6 38. c6 Rb6 39. Bf3 Bd6 40. Kg2 Be5 41. Ra4 Rc7 42. Nc5 Kg6 43. Nd7 1-0

[Event "*** Titled Tuesday Blitz"]
[Site "Chess.com"]
[Date "2021.04.27"]
[Round "1"]
[White "Willychess95"]
[Black "picturesquecheck"]
[Result "0-1"]
[WhiteElo "2597"]
[BlackElo "2306"]
[TimeControl "180+1"]
[EndTime "10:05:54 PDT"]
[Termination "picturesquecheck won by resignation"]

1. e4 c5 2. Nf3 Nc6 3. d4 cxd4 4.
Nxd4 Nf6 5. Nc3 d6 6. Bg5 e6 7.
Qd2 a6 8. O-O-O h6 9. Nxc6 bxc6 10. Bf4 d5 11. e5 Nd7 12. h4 Bb4 13. Qe3 Qa5 14.
a3 Bxc3 15. Qxc3 Qxc3 16. bxc3 a5 17. h5 Ba6 18. Bd3 Ke7 19. Rh3 Bxd3 20. cxd3 Rhg8 21.
g4 Rab8 22. Kc2 a4 23. Rb1 Rxb1 24. Kxb1 Rb8+ 25. Kc2 Rb3 26. g5 hxg5 27. Bxg5+ Ke8 28. f4 Rxa3 29. h6 gxh6 30. Rxh6 Nc5 31. Rh8+ Kd7 32. Rd8+ Kc7 33. Rf8 Ra2+ 34. Kb1 Rg2 35. Rxf7+ Kb6 36. Rg7 Re2 37. Bd8+ Ka6 38. Rg3 a3 0-1

[Event "*** Titled Tuesday Blitz"]
[Site "Chess.com"]
[Date "2021.04.27"]
[Round "1"]
[White "Lyschko"]
[Black "Mikhail_Golubev"]
[Result "0-1"]
[WhiteElo "2245"]
[BlackElo "2580"]
[TimeControl "180+1"]
[EndTime "10:05:54 PDT"]
[Termination "Mikhail_Golubev won by resignation"]

1. c4 g6 2. g3 Bg7 3. Bg2 e5 4. Nc3 Nc6 5. d3 d6 6. e4 Nd4 7.
Nge2 Nxe2 8. Qxe2 Ne7 9. O-O O-O 10. Be3 Nc6 11. Qd2 f5 12. Nd5 Be6 13. Bg5 Qd7 14. b4 Rf7 15. b5 Nd4 16. Be3 c6 17. Bxd4 exd4 18. Nf4 Bh6 19. Rab1 fxe4 20. Bxe4 Raf8 21. bxc6 bxc6 22. Qa5 Bxf4 23. gxf4 Rxf4 24. f3 d5 25. cxd5 cxd5 26. Qa6 dxe4 27. Rb7 Qc8 28. Qxa7 R4f7 29. Rxf7 Rxf7 30. Qxd4 exf3 31. Qe3 Bh3 32. Rxf3 Qg4+ 0-1

[Event "*** Titled Tuesday Blitz"]
[Site "Chess.com"]
[Date "2021.04.27"]
[Round "1"]
[White "mamonika"]
[Black "Sergey85Rodchenkov"]
[Result "0-1"]
[WhiteElo "2044"]
[BlackElo "2493"]
[TimeControl "180+1"]
[EndTime "10:05:54 PDT"]
[Termination "Sergey85Rodchenkov won on time"]

1. e4 c5 2. Nf3 d6 3. d4 cxd4 4. Nxd4 Nf6 5. Nc3 a6 6. Be2 e5 7. Nb3 Be7 8. Be3 Be6 9. Bf3 Nbd7 10. O-O Rc8 11. Qd2 O-O 12. Rfd1 b5 13. a4 b4 14. Nd5 Nxd5 15. exd5 Bf5 16. Qxb4 Bxc2 17. Na5 Bxd1 18. Rxd1 Nb8 19. Bb6 Qd7 20. Nc4 g6 21. a5 Qf5 22.
Ne3 Qf4 23. Qxf4 exf4 24. Nf1 Nd7 25. Bd4 Bf6 26. Bxf6 Nxf6 27. Be2 Rb8 0-1